 Dungeon Crawl Stone Soup version 0.29.0-4-gdea44cf6ec (webtiles) character file.

Game seed: 16473414392469452088

15 qw the Sneak (level 2, -1/23 HPs)
             Began as a Ghoul Enchanter on Sept 7, 2022.
             Slain by a gnoll
             ... wielding a +0 flail
              (2 damage)
             ... on level 2 of the Dungeon.
             The game lasted 00:00:25 (1033 turns).

qw the Sneak (Ghoul Enchanter)                      Turns: 1033, Time: 00:00:25

Health: -1/23      AC: 10    Str: 11    XL:     2   Next: 50%
Magic:  3/3        EV:  2    Int: 10    God:
Gold:   17         SH:  0    Dex:  9    Spells: 4/4 levels left

rFire   . . .      SeeInvis .   Y - +0 war axe
rCold   + . .      Faith    .   (no shield)
rNeg    + + +      Spirit   .   d - +0 plate armour
rPois   inf        Reflect  .   (no helmet)
rElec   .          Harm     .   (no cloak)
rCorr   .          Rampage  .   (no gloves)
Will    .....                   (no boots)
Stlth   ..........              (no amulet)
HPRegen 0.00/turn               (no ring)
MPRegen 0.08/turn               (no ring)

@: inhibited regen
A: claws 1, cold resistance 1, negative energy resistance 3, inhibited
regeneration, torment resistance 2, devour on kill
a: no special abilities


You were on level 2 of the Dungeon.
You visited 1 branch of the dungeon, and saw 2 of its levels.

You collected 17 gold pieces.


Innate Abilities, Weirdness & Mutations

You are immune to poison.
You have sharp fingernails.
Your flesh is cold resistant. (rC+)
You are immune to negative energy. (rN+++)
You do not regenerate when monsters are visible.
You are immune to unholy pain and torment.
You thrive by killing the living.


   Skills:
 - Level 1.0 Fighting
 - Level 0.8 Short Blades
 + Level 1.5 Axes
 - Level 1.7 Dodging
 - Level 3.2 Stealth
 - Level 1.7 Spellcasting
 - Level 2.4 Hexes


You had 4 spell levels left.
You didn't know any spells.
Your spell library contained the following spells:

 Spells                   Type           Power      Damage    Failure   Level
 Ensorcelled Hibernation  Hex/Ice        6%         N/A       100%        2
 Confusing Touch          Hex            5%         N/A       100%        3
 Dazzling Flash           Conj/Hex       6%         N/A       100%        3
 Tukima's Dance           Hex            5%         N/A       100%        3

Inventory:

Hand Weapons
 e - a +0 whip
 Y - a +0 war axe (weapon)
Missiles
 j - 5 javelins (quivered)
Armour
 d - a +0 plate armour (worn)
Potions
 f - a potion of brilliance {unknown}
 h - a potion of lignification {unknown}

Dungeon Overview and Level Annotations

Branches:
Dungeon (2/15)

Altars:


Message History

You start waiting.
Your surroundings suddenly seem different.
Enter note: Done exploring.
1005 ||| DROPPING 2 potions of invisibility.
You drop 2 potions of invisibility.
Done exploring.
(D) Dungeon
Where to? (* - list waypoints, ? - help)
What level of the Dungeon? (default 1, ? - help)
There is an open door here.
There is a stone staircase leading down here.
You climb downwards.
The gnoll shouts! x2
There is a stone staircase leading up here.
There are monsters nearby!
Existing waypoints: (2) D:1 Assign waypoint to what number? (0-9, D - delete waypoint) Waypoint 1 assigned to D:2.
The gnoll hits you but does no damage.
A gnoll comes into view. It is wielding a +0 club.
A gnoll comes into view. It is wielding a +0 halberd.
The gnoll shouts! x2
The gnoll hits you with a +0 spear. The gnoll hits you with a +0 flail.
You hit the gnoll.
The gnoll is moderately wounded.
You closely miss the gnoll. The gnoll hits you but does no damage.
The gnoll hits you with a +0 flail.
You closely miss the gnoll.
The gnoll is moderately wounded.
You hit the gnoll. You closely miss the gnoll.
The gnoll hits you with a +0 spear.
The gnoll hits you but does no damage. x3
You slash the gnoll!
The gnoll is severely wounded.
You closely miss the gnoll. You hit the gnoll. The gnoll barely misses you.
The gnoll hits you but does no damage.
The gnoll hits you from afar with a +0 halberd!
The gnoll hits you with a +0 flail.
You die...

######
#<...#
#.###.#
#.# #@#
#..ggg...#
####g#####
... ...
#...#
#...#
##.##


You could see 4 gnolls.

Vanquished Creatures
  3 endoplasms (D:1)
  A giant cockroach (D:1)
  2 goblins (D:1)
  2 hobgoblins (D:1)
  A kobold (D:1)
  4 bats (D:1)
  A rat (D:1)
14 creatures vanquished.

Notes
Turn   | Place    | Note
-------+----------+-------------------------------------------
     0 | D:1      | qw the Ghoul Enchanter began the quest for the Orb.
     0 | D:1      | Reached XP level 1. HP: 14/14 MP: 2/2
     0 | D:1      | 0 ||| qw: Version: 0.1-a-108-g9e35731
     0 | D:1      | 0 ||| qw: Game counter: 6526
     0 | D:1      | 0 ||| qw: Always use a shield: true
     0 | D:1      | 0 ||| qw: God list: Okawaru
     0 | D:1      | 0 ||| qw: Allow faded altars: false
     0 | D:1      | 0 ||| qw: Do Orc after D:15 true
     0 | D:1      | 0 ||| qw: Do second Lair branch before Depths: true
     0 | D:1      | 0 ||| qw: Lair rune preference: random
     0 | D:1      | 0 ||| qw: Plans: Normal
     0 | D:1      | 0 ||| PLANNING D:1-11
     5 | D:1      | 5 ||| SWAPPING to +0 hand axe.
     6 | D:1      | 6 ||| DROPPING +1 dagger.
    99 | D:1      | 99 ||| Stepping ~*~*~tactically~*~*~ (stealth).
   104 | D:1      | 104 ||| Stepping ~*~*~tactically~*~*~ (stealth).
   192 | D:1      | Reached skill level 1 in Axes
   345 | D:1      | Reached XP level 2. HP: 21/22 MP: 3/3
   363 | D:1      | Reached skill level 1 in Fighting
   389 | D:1      | 389 ||| SWAPPING to +0 war axe.
   390 | D:1      | 390 ||| DROPPING +0 hand axe.
   417 | D:1      | 417 ||| Stepping ~*~*~tactically~*~*~ (stealth).
   421 | D:1      | 421 ||| Stepping ~*~*~tactically~*~*~ (stealth).
   440 | D:1      | 440 ||| Stepping ~*~*~tactically~*~*~ (stealth).
   989 | D:1      | 989 ||| UPGRADING to +0 plate armour.
   999 | D:1      | 999 ||| DROPPING +0 robe.
  1000 | D:1      | 1000 ||| READING scroll labelled ELID TONILESTRI.
  1001 | D:1      | 1001 ||| READING scroll labelled OPICUA MONEUR.
  1005 | D:1      | 1005 ||| DROPPING 2 potions of invisibility.
  1033 | D:2      | HP: 1/23 [gnoll/+0 halberd (10)]
  1033 | D:2      | Slain by a gnoll

Levels and vault maps discovered:
D:1:      lightli_arrival_quake, layout_basic, serial_aquarium,
          aquarium_bridge_square [aquarium_subvault_wall,
          aquarium_subvault_bridge, aquarium_subvault_balcony,
          aquarium_subvault_wall], aquarium_bridge_square
          [aquarium_subvault_window, aquarium_subvault_wall,
          aquarium_subvault_bridge, aquarium_subvault_window],
          aquarium_window_fake, aquarium_window_1, aquarium_window_2,
          aquarium_view_2c, aquarium_balcony_5a
D:2:      layout_loops_corners, dk_noncrumbling_3, hangedman_decor_slide_cut,
          kennysheep_jessica_study, uniq_robin

Skill      XL: |  1  2 |
---------------+-------+-----
Axes           | 1 |  1.5
Fighting       | 1 |  1.0
Short Blades   | |  0.8
Dodging        | |  1.7
Stealth        | |  3.2
Spellcasting   | |  1.7
Hexes          | |  2.4

Action                   || total
-------------------------++-------
Melee: Hand axe          ||    23
       War axe           ||    19
Throw: Javelin           ||     6
  Use: Scroll            ||     2
Armor: Robe              ||    10
       Plate armour      ||     6
Dodge: Dodged            ||    33

Table legend:
 A = Non-vault XP
 B = Vault XP
 C = Vault XP percentage of total XP
 D = Non-vault monster count
 E = Vault monster count
 F = Vault count percentage of total count
                 A         B        C        D         E       F
            +---------+---------+-------+---------+---------+-------
      Total |      22 |       0 |   0.0 |      14 |       0 |   0.0
            +---------+---------+-------+---------+---------+-------
        D:1 |      22 |       0 |   0.0 |      14 |       0 |   0.0
            +---------+---------+-------+---------+---------+-------
